 Dungeon Crawl Stone Soup version 0.30.0-15-g856e2d3f33 (webtiles) character file.

Game seed: 1690372562340036884

997 qw the Chopper (level 8, -2/50 HPs)
             Began as a Gargoyle Cinder Acolyte on May 18, 2023.
             Was a Priest of Ignis.
             Slain by Prince Ribbit (13 damage)
             ... on level 5 of the Dungeon.
             The game lasted 00:02:45 (5143 turns).

qw the Chopper (Gargoyle Cinder Acolyte)            Turns: 5143, Time: 00:02:45

Health: -2/50      AC: 23    Str: 19    XL:     8   Next: 19%
Magic:  9/9        EV:  7    Int: 16    God:    Ignis [***...]
Gold:   234        SH:  0    Dex:  5    Spells: 9/9 levels left

rFire   + . .        Y - -1 hand axe (venom)
rCold   . . .        (no shield)
rNeg    + . .        i - +0 chain mail
rPois   inf          e - +1 helmet
rElec   +            (no cloak)
rCorr   .            (no gloves)
SInv    +            (no boots)
Will    .....        (no amulet) Stlth
                     c - ring of see invisible
HPRegen 0.28/turn    (no ring)
MPRegen 0.11/turn

%: no passive effects
@: fiery-armoured
A: sickness immunity, AC +5, negative energy resistance 1, electricity
resistance, torment resistance 1, petrification resistance
a: Renounce Religion, Fiery Armour, Foxfire Swarm, Rising Flame


You were on level 5 of the Dungeon.
You worshipped Ignis.
Ignis was most pleased with you.
You visited 1 branch of the dungeon, and saw 5 of its levels.

You collected 234 gold pieces.


Innate Abilities, Weirdness & Mutations

You are immune to sickness and miasma.
Your stone body is resilient. (AC +5)
You are immune to poison.
You resist negative energy. (rN+)
You are resistant to electric shocks. (rElec)
You are resistant to unholy torment.
You are immune to petrification.


   Skills:
 - Level 5.4 Fighting
 + Level 7.3 Axes
 - Level 1.2 Throwing
 - Level 3.2 Armour
 - Level 1.0 Spellcasting
 - Level 3.0 Fire Magic


You had 9 spell levels left.
You didn't know any spells.
Your spell library contained the following spells:

 Spells                   Type           Power      Damage    Failure   Level
 Scorch                   Fire           20%        2d5       63%         2

Inventory:

Hand Weapons
 b - a +0 whip
 Y - a -1 hand axe of venom (weapon)
Armour
 e - a +1 helmet (worn)
 i - a +0 chain mail (worn)
Jewellery
 c - a ring of see invisible (left hand)
Scrolls
 a - 2 scrolls of identify
 d - a scroll of fog {unknown}
Potions
 g - 5 potions of curing
 j - a potion of berserk rage {unknown}
 k - a potion of magic {unknown}
 l - a potion of heal wounds {unknown}
 m - a potion of brilliance {unknown}

Dungeon Overview and Level Annotations

Branches:
Dungeon (5/15)
 Temple: D:4-7

Altars:
Elyvilon
Hepliaklqana
Uskayaw
Vehumet
Zin

Annotations:
D:5 Prince Ribbit


Message History

There is an open door here.
Found 2 potions of lignification.
Prince Ribbit comes into view.
Prince Ribbit gives a loud, deep croak!
You barely miss Prince Ribbit. Prince Ribbit barely misses you.
Prince Ribbit hits you!
You barely miss Prince Ribbit. Prince Ribbit hits you!
You miss Prince Ribbit.
Prince Ribbit hits you but does no damage.
Prince Ribbit croaks regally.
Prince Ribbit hits you!
5138 ||| INVOKING Fiery Armour.
A protective cloak of flame settles atop you.
Prince Ribbit hits you but does no damage.
Prince Ribbit is burned by your cloak of flames.
Prince Ribbit is lightly wounded.
You closely miss Prince Ribbit.
Prince Ribbit is lightly wounded.
Prince Ribbit blinks!
Prince Ribbit hits you but does no damage.
Prince Ribbit is burned by your cloak of flames.
Prince Ribbit is moderately wounded.
You hit Prince Ribbit but do no damage.
Prince Ribbit is poisoned.
Prince Ribbit is moderately wounded.
Prince Ribbit closely misses you.
You hit Prince Ribbit.
Prince Ribbit looks as sick as possible!
Prince Ribbit is heavily wounded.
Prince Ribbit hits you!
Prince Ribbit is burned by your cloak of flames.
Prince Ribbit is severely wounded.
You hit Prince Ribbit.
Prince Ribbit looks as sick as possible!
Prince Ribbit is severely wounded.
Prince Ribbit hits you but does no damage.
Prince Ribbit is burned by your cloak of flames.
Prince Ribbit is almost dead.
Prince Ribbit hits you!
You die...

.......# ...<...# .# #
.......# .8 #
.......######### .# #
..........)....# .## #
.......###.##..# .8 #
.......# ####### .# #
[......###8###8##F##8##8
#
####....'.......@!......
#
.....%>.##8###8##.##8##8
# ######.##### ### .#
### # #.# ##.# .8 #.. #
##.# ##..# .## ##.#
##..# ##...# .# ##..#
##...####....# .8
####...######
#.......'....# .#
+............
##...#.##....#
####...######


You could see Prince Ribbit (extremely poisoned).

Vanquished Creatures
  Grinder (D:3)
  2 water moccasins (D:5)
  A black bear (D:4)
  A phantom (D:4)
  A gnoll bouda (D:5)
  3 hounds
  A sleepcap (D:5)
  An iguana (D:4)
  Robin (D:4)
  5 gnolls (D:5)
  6 adders
  An ufetubus (D:5)
  12 dart slugs
  4 orcs
  7 endoplasms
  4 giant cockroaches
  14 goblins
  10 hobgoblins
  7 jackals
  10 kobolds
  2 quokkas
  7 ball pythons
  8 bats
  4 frilled lizards
  3 rats
116 creatures vanquished.

Notes
Turn   | Place    | Note
-------+----------+-------------------------------------------
     0 | D:1      | qw the Gargoyle Cinder Acolyte began the quest for the Orb.
     0 | D:1      | Reached XP level 1. HP: 14/14 MP: 2/2
     0 | D:1      | 0 ||| qw: Version: 0.2-a-95-gc95f03d
     0 | D:1      | 0 ||| qw: Game counter: 25
     0 | D:1      | 0 ||| qw: Always use a shield: true
     0 | D:1      | 0 ||| qw: God list: Okawaru
     0 | D:1      | 0 ||| qw: Allow faded altars: false
     0 | D:1      | 0 ||| qw: Do Orc after D:15 true
     0 | D:1      | 0 ||| qw: Do second Lair branch before Depths: true
     0 | D:1      | 0 ||| qw: Lair rune preference: random
     0 | D:1      | 0 ||| qw: Plans: Normal
     0 | D:1      | 0 ||| PLANNING D:1-11
    14 | D:1      | You fall into a shaft and drop 1 floor!
   238 | D:1      | Reached skill level 3 in Axes
   263 | D:1      | Reached XP level 2. HP: 19/19 MP: 3/3
   367 | D:1      | 367 ||| Stepping ~*~*~tactically~*~*~ (hiding).
   371 | D:1      | 371 ||| Stepping ~*~*~tactically~*~*~ (stealth).
   814 | D:1      | Reached XP level 3. HP: 23/23 MP: 4/4
  1128 | D:1      | 1128 ||| UPGRADING to +0 chain mail.
  1138 | D:1      | 1138 ||| DROPPING +0 robe.
  1139 | D:1      | 1139 ||| READING scroll labelled JABRINL RAEZUPS.
  1140 | D:1      | 1140 ||| READING scroll labelled RUR IXAFEO.
  1143 | D:1      | 1143 ||| READING scroll labelled UDWURAG LEAWN.
  1176 | D:2      | 1176 ||| Stepping ~*~*~tactically~*~*~ (stealth).
  1177 | D:2      | 1177 ||| Stepping ~*~*~tactically~*~*~ (stealth).
  1178 | D:2      | 1178 ||| Stepping ~*~*~tactically~*~*~ (stealth).
  1266 | D:2      | 1266 ||| Stepping ~*~*~tactically~*~*~ (hiding).
  1467 | D:2      | Reached skill level 1 in Armour
  1508 | D:2      | Found a hazy altar of Hepliaklqana.
  1900 | D:2      | Reached skill level 1 in Throwing
  1900 | D:2      | Reached XP level 4. HP: 26/28 MP: 5/5
  1915 | D:2      | 1915 ||| READING scroll labelled IDEKALAORE.
  1953 | D:3      | 1953 ||| INVOKING Fiery Armour.
  1958 | D:3      | Reached skill level 4 in Axes
  2026 | D:3      | 2026 ||| Stepping ~*~*~tactically~*~*~ (stealth).
  2029 | D:3      | 2029 ||| Stepping ~*~*~tactically~*~*~ (hiding).
  2034 | D:3      | 2034 ||| Stepping ~*~*~tactically~*~*~ (hiding).
  2070 | D:3      | 2070 ||| Stepping ~*~*~tactically~*~*~ (stealth).
  2109 | D:3      | 2109 ||| Stepping ~*~*~tactically~*~*~ (stealth).
  2135 | D:3      | 2135 ||| Stepping ~*~*~tactically~*~*~ (stealth).
  2136 | D:3      | 2136 ||| Stepping ~*~*~tactically~*~*~ (stealth).
  2180 | D:3      | Noticed Grinder
  2180 | D:3      | Paralysed by Grinder for 2 turns
  2190 | D:3      | 2190 ||| INVOKING Fiery Armour.
  2190 | D:3      | HP: 6/28 [Grinder/nerve-wracking pain (6)]
  2191 | D:3      | 2191 ||| READING scroll of teleportation.
  2252 | D:3      | 2252 ||| Stepping ~*~*~tactically~*~*~ (stealth).
  2258 | D:3      | 2258 ||| Stepping ~*~*~tactically~*~*~ (hiding).
  2262 | D:3      | 2262 ||| Stepping ~*~*~tactically~*~*~ (hiding).
  2272 | D:3      | 2272 ||| READING scroll labelled ABBANIOQEA.
  2276 | D:3      | 2276 ||| Stepping ~*~*~tactically~*~*~ (hiding).
  2278 | D:3      | 2278 ||| READING scroll labelled JIOZEH SOTICKA.
  2279 | D:3      | 2279 ||| DRINKING 2 bubbling pink potions.
  2315 | D:3      | HP: 7/28 [Grinder (3)]
  2316 | D:3      | 2316 ||| INVOKING Fiery Armour.
  2318 | D:3      | Killed Grinder
  2319 | D:3      | Reached skill level 5 in Axes
  2319 | D:3      | Reached XP level 5. HP: 6/32 MP: 6/6
  2319 | D:3      | Reached XP level 6. HP: 7/37 MP: 7/7
  2724 | D:3      | 2724 ||| Stepping ~*~*~tactically~*~*~ (hiding).
  2725 | D:3      | 2725 ||| Stepping ~*~*~tactically~*~*~ (hiding).
  2879 | D:3      | 2879 ||| Stepping ~*~*~tactically~*~*~ (stealth).
  2885 | D:3      | 2885 ||| Stepping ~*~*~tactically~*~*~ (stealth).
  2886 | D:3      | 2886 ||| Stepping ~*~*~tactically~*~*~ (stealth).
  2888 | D:3      | 2888 ||| Stepping ~*~*~tactically~*~*~ (stealth).
  3147 | D:3      | 3147 ||| DRINKING 4 clear potions.
  3148 | D:3      | 3148 ||| READING 3 scrolls of identify.
  3148 | D:3      | 3148 ||| IDENTIFYING inky potion
  3149 | D:3      | 3149 ||| READING 2 scrolls of identify.
  3149 | D:3      | 3149 ||| IDENTIFYING blue potion
  3150 | D:3      | 3150 ||| DROPPING potion of degeneration.
  3151 | D:3      | 3151 ||| DROPPING potion of lignification.
  3152 | D:3      | 3152 ||| DROPPING potion of ambrosia.
  3191 | D:4      | 3191 ||| Stepping ~*~*~tactically~*~*~ (hiding).
  3347 | D:4      | 3347 ||| INVOKING Fiery Armour.
  3446 | D:4      | Noticed a black bear
  3449 | D:4      | Killed a black bear
  3450 | D:4      | Reached XP level 7. HP: 44/44 MP: 8/8
  3490 | D:4      | Noticed Robin
  3491 | D:4      | 3491 ||| Stepping ~*~*~tactically~*~*~ (stealth).
  3493 | D:4      | 3493 ||| Stepping ~*~*~tactically~*~*~ (hiding).
  3510 | D:4      | Killed Robin
  3557 | D:4      | 3557 ||| Stepping ~*~*~tactically~*~*~ (stealth).
  3574 | D:4      | Reached skill level 6 in Axes
  3630 | D:4      | 3630 ||| Stepping ~*~*~tactically~*~*~ (hiding).
  3696 | D:4      | 3696 ||| READING scroll of brand weapon.
  3696 | D:4      | 3696 ||| BRANDING -1 hand axe of protection.
  3772 | D:4      | 3772 ||| Stepping ~*~*~tactically~*~*~ (stealth).
  3773 | D:4      | 3773 ||| Stepping ~*~*~tactically~*~*~ (stealth).
  3895 | D:4      | Found a radiant altar of Vehumet.
  3968 | D:4      | Found a hide-covered altar of Uskayaw.
  4223 | D:4      | 4223 ||| UPGRADING to +0 helmet.
  4228 | D:4      | 4228 ||| READING scroll of enchant armour.
  4228 | D:4      | 4228 ||| ENCHANTING +0 helmet.
  4229 | D:4      | 4229 ||| UPGRADING to ring of see invisible.
  4230 | D:4      | 4230 ||| READING 2 scrolls of identify.
  4230 | D:4      | 4230 ||| IDENTIFYING sedimented sapphire potion
  4231 | D:4      | 4231 ||| DROPPING potion of attraction.
  4243 | D:5      | Entered Level 5 of the Dungeon
  4476 | D:5      | Found a glowing silver altar of Zin.
  4516 | D:5      | Found a white marble altar of Elyvilon.
  4693 | D:5      | 4693 ||| Stepping ~*~*~tactically~*~*~ (hiding).
  4706 | D:5      | 4706 ||| INVOKING Fiery Armour.
  4708 | D:5      | Reached skill level 3 in Armour
  4712 | D:5      | 4712 ||| Stepping ~*~*~tactically~*~*~ (hiding).
  4716 | D:5      | HP: 7/44 [gnoll/+0 flail[a gnoll bouda] (7)]
  4717 | D:5      | 4717 ||| READING 2 scrolls of teleportation.
  4723 | D:5      | 4723 ||| READING scroll of teleportation.
  4936 | D:5      | Reached skill level 7 in Axes
  4981 | D:5      | Reached XP level 8. HP: 29/50 MP: 9/9
  5134 | D:5      | Noticed Prince Ribbit
  5138 | D:5      | 5138 ||| INVOKING Fiery Armour.
  5142 | D:5      | HP: 10/50 [Prince Ribbit (8)]
  5143 | D:5      | Slain by Prince Ribbit

Levels and vault maps discovered:
D:1:      scummos_arrival_gate, layout_loops_corners
D:2:      layout_basic, basic_altar
D:3:      kennysheep_slugbush, layout_basic, minmay_starry_boxes, uniq_grinder,
          uniq_jessica
D:4:      layout_loops_ring, eat_drink_and_be_merry_uskayaw,
          mainiacjoe_overflow_alcove_1, st_stairs_7, uniq_robin
D:5:      layout_loops_corners, nicolae_gozag_cash_rules_everything_around_me,
          cheibriados_altar_1, mainiacjoe_overflow_swirl, dk_noncrumbling_2,
          nicolae_sextant, nrook_campfire, uniq_edmund, uniq_menkaure,
          uniq_prince_ribbit1

Skill      XL: |  1  2  3  4  5  6  7 |
---------------+----------------------+-----
Axes           | 3 5 7 |  7.3
Armour         | 1 2 3 |  3.2
Throwing       | 1 |  1.2
Fighting       | 4 5 |  5.4
Spellcasting   | |  1.0
Fire Magic     | |  3.0

Action                     |  1- 3 |  4- 6 |  7- 9 || total
---------------------------+-------+-------+-------++-------
  Melee: Hand axe          |   142 |   121 |   215 ||   478
         Punch             |     1 |     3 |     1 ||     5
  Throw: Javelin           |    21 |     9 |       ||    30
 Invoke: Fiery Armour      |       |     4 |     2 ||     6
    Use: Scroll            |     3 |     6 |     5 ||    14
         Potion            |       |     2 |       ||     2
 Armour: Robe              |    30 |       |       ||    30
         Chain mail        |    31 |   104 |   148 ||   283
  Dodge: Dodged            |    74 |    46 |    77 ||   197

Table legend:
 A = Non-vault XP
 B = Vault XP
 C = Vault XP percentage of total XP
 D = Non-vault monster count
 E = Vault monster count
 F = Vault count percentage of total count
                 A         B        C        D         E       F
            +---------+---------+-------+---------+---------+-------
      Total |     984 |     441 |  30.9 |      84 |      32 |  27.6
            +---------+---------+-------+---------+---------+-------
        D:1 |      41 |       0 |   0.0 |      24 |       0 |   0.0
        D:2 |      46 |       0 |   0.0 |      19 |       0 |   0.0
        D:3 |      24 |     359 |  93.7 |      13 |      17 |  56.7
        D:4 |     326 |      82 |  20.1 |      15 |      15 |  50.0
        D:5 |     547 |       0 |   0.0 |      13 |       0 |   0.0
            +---------+---------+-------+---------+---------+-------
